Map: Eternal Empire LE

Players

ViBE - Winner!

  • Race: Protoss Protoss
  • League: Grandmaster
  • Spawn Location: 1:00

A.I. 2 (Medium)

  • Race: Terran Terran
  • Spawn Location: 7:00

VOD

Have the link to the VOD?

Description

Time

  • Played on: May 31, 2020, 5:14 p.m.
  • Length: 13:06
Show
View Real Time Build Order
Export as new Build Order

ViBE Protoss - Winner!

Build Orders: 1 Gate Expand, Colossus Rush 

Get SALT Encoding   

  12  0:01  Probe  
  13  0:13  Probe  
  14  0:20  Pylon  
  14  0:25  Probe  
  15  0:38  Probe (Chrono Boost)  
  15  0:40  Gateway  
  17  0:50  Probe (Chrono Boost)  
  17  0:55  Probe (Chrono Boost)  
  18  0:59  Assimilator  
  18  1:06  Probe  
  19  1:19  Probe  
  20  1:28  Nexus  
  20  1:38  Cybernetics Core  
  20  1:39  Probe  
  21  1:44  Assimilator  
  21  1:51  Probe  
  22  1:54  Pylon  
  22  2:03  Probe  
  23  2:11  Stalker (Chrono Boost)  
  23  2:15  Warp Gate  
  25  2:17  Probe  
  26  2:29  Probe  
  27  2:36  Sentry  
  29  2:41  Probe x2 (Chrono Boost)  
  33  2:52  Probe x2 (Chrono Boost)  
  33  2:56  Probe x2 (Chrono Boost)  
  35  3:06  Stalker  
  35  3:07  Probe  
  35  3:08  Probe  
  35  3:12  Pylon  
  39  3:19  Probe  
  40  3:20  Probe  
  41  3:31  Probe (Chrono Boost)  
  41  3:32  Probe (Chrono Boost)  
  43  3:40  Robotics Facility  
  43  3:41  Stalker  
  45  3:43  Gateway  
  45  3:44  Probe (Chrono Boost)  
  45  3:45  Probe (Chrono Boost)  
  47  3:52  Nexus  
  47  3:53  Probe x2 (Chrono Boost)  
  49  3:58  Assimilator, Probe x2  
  49  3:59  Assimilator  
  51  4:04  Pylon  
  51  4:10  Pylon, Probe  
  51  4:16  Probe  
  53  4:18  Pylon  
  53  4:22  Probe  
  54  4:29  Probe  
  55  4:32  Robotics Bay  
  55  4:34  Probe  
  55  4:36  Observer (Chrono Boost)  
  57  4:39  Robotics Bay  
  57  4:41  Probe  
  57  4:43  Stalker x2  
  62  4:46  Probe (Chrono Boost)  
  63  4:53  Observer (Chrono Boost)  
  63  4:57  Probe (Chrono Boost)  
  63  4:58  Probe (Chrono Boost)  
  66  5:05  Pylon  
  66  5:06  Probe (Chrono Boost)  
  69  5:08  Probe x2 (Chrono Boost)  
  69  5:10  Pylon  
  69  5:11  Observer (Chrono Boost), Stalker x2  
  69  5:13  Probe  
  75  5:17  Probe  
  75  5:18  Probe  
  77  5:25  Probe  
  78  5:28  Colossus (Chrono Boost)  
  78  5:29  Probe  
  78  5:30  Probe  
  78  5:31  Pylon  
  78  5:34  Twilight Council  
  86  5:37  Probe  
  86  5:39  Forge  
  86  5:41  Forge, Probe  
  86  5:42  Probe  
  89  5:44  Stalker x2  
  89  5:49  Probe  
  92  5:53  Probe  
  92  5:54  Probe  
  92  5:56  Assimilator x2  
  92  6:01  Probe  
  92  6:03  Protoss Ground Armor Level 1 (Chrono Boost)  
  93  6:04  Protoss Ground Weapons Level 1 (Chrono Boost)  
  93  6:06  Blink (Chrono Boost)  
  93  6:08  Nexus  
  93  6:10  Pylon  
  93  6:12  Colossus (Chrono Boost)  
  93  6:13  Pylon  
  99  6:24  Probe x2  
  101  6:27  Probe  
  101  6:31  Stalker x2  
  106  6:36  Probe  
  107  6:41  Gateway  
  107  6:42  Gateway  
  107  6:43  Gateway  
  107  6:45  Gateway  
  107  6:47  Templar Archives, Probe x2  
  107  6:48  Probe  
  107  6:53  Gateway  
  110  6:59  Probe x2  
  110  7:00  Gateway  
  112  7:04  Colossus  
  112  7:05  Pylon  
  118  7:13  Assimilator, Probe x2  
  118  7:14  Probe  
  121  7:19  Assimilator  
  121  7:21  Zealot, Stalker  
  125  7:31  Probe x2  
  125  7:33  Probe x2  
  129  7:45  Zealot x6  
  129  7:49  Nexus  
  141  7:52  Pylon  
  141  7:55  Charge, Pylon  
  141  8:01  Colossus  
  141  8:03  Protoss Ground Weapons Level 2 (Chrono Boost), Protoss Ground Armor Level 2 (Chrono Boost)  
  147  8:18  Zealot x5  
  147  8:19  Zealot x3  
  163  8:23  Pylon  
  163  8:25  Pylon  
  163  8:28  Pylon  
  163  8:30  Pylon  
  163  8:38  Unknown  
  163  8:56  High Templar x8  
  163  9:00  Archon x3  
  163  9:01  Archon  
  163  9:02  Observer  
  180  9:24  Observer  
  181  9:25  Gateway  
  181  9:27  Gateway  
  181  9:30  Gateway  
  181  9:33  Zealot x8  
  181  9:34  Gateway  
  181  9:36  Probe x2  
  199  9:41  Gateway  
  199  9:42  Gateway  
  199  9:45  Gateway, Observer  
  200  9:48  Gateway  
  200  9:54  Pylon  
  200  9:56  Pylon  
  200  10:04  Pylon  
  200  10:06  Protoss Ground Armor Level 3 (Chrono Boost), Protoss Ground Weapons Level 3 (Chrono Boost)  
  199  10:32  Stargate  
  199  10:35  Dark Shrine  
  199  10:58  Protoss Air Weapons Level 1  
  187  11:57  Photon Cannon  
  187  11:59  Photon Cannon  
  187  12:01  Photon Cannon  
  187  12:03  Photon Cannon  
  187  12:04  Photon Cannon  
  187  12:05  Photon Cannon  
  187  12:06  Photon Cannon  
  187  12:08  Photon Cannon x2  
  187  12:10  Photon Cannon  
  187  12:26  Nexus  
  187  12:29  Pylon  
  187  12:31  Pylon  
Show
View Real Time Build Order
Export as new Build Order

A.I. 2 (Medium) Terran 

Build Orders:  

Get SALT Encoding   

  12  0:00  SCV  
  13  0:13  SCV  
  14  0:18  Supply Depot  
  14  0:25  SCV  
  15  0:40  SCV  
  16  0:43  Barracks  
  16  0:49  Refinery  
  16  0:52  SCV  
  17  1:04  SCV  
  18  1:17  Supply Depot  
  18  1:30  Marine  
  18  1:32  Orbital Command  
  19  1:35  Barracks  
  19  1:45  Refinery  
  19  1:49  Barracks Tech Lab  
  19  2:07  Marine  
  20  2:10  Supply Depot  
  20  2:25  Marine  
  20  2:27  Marine  
  22  2:33  SCV  
  23  2:44  Marauder  
  25  2:45  SCV, Marine, Engineering Bay  
  27  2:58  SCV  
  28  3:01  Supply Depot  
  28  3:03  Marine  
  29  3:06  Marauder  
  29  3:10  SCV  
  32  3:22  SCV  
  33  3:27  Marauder  
  35  3:34  SCV  
  36  4:56  SCV, Barracks Tech Lab  
  36  4:57  Factory  
  37  5:00  Factory  
  37  5:02  Missile Turret  
  37  5:03  Missile Turret  
  37  5:06  Supply Depot  
  37  5:08  Barracks  
  37  5:24  Sensor Tower  
  37  5:27  SCV, Bunker  
  38  5:29  Supply Depot  
  38  5:42  Factory Tech Lab, Marine  
  38  5:45  Starport, Factory Tech Lab  
  31  5:53  Marine  
  28  6:00  Command Center  
  28  6:05  Marine  
  29  6:15  Armory  
  29  6:16  Marine  
  30  6:22  Barracks Reactor, Starport Tech Lab  
  30  6:28  Marine  
  31  6:39  Marine  
  32  6:41  Raven  
  34  6:51  Marauder  
  36  7:03  Marauder  
  38  7:13  SCV  
  38  7:14  Siege Tank  
  42  7:16  SCV  
  42  7:21  Refinery  
  43  7:24  Missile Turret, Raven  
  43  7:25  SCV  
  43  7:26  Widow Mine  
  43  7:27  Missile Turret  
  43  7:28  SCV  
  49  7:30  Refinery  
  49  7:37  SCV  
  49  7:40  SCV  
  51  7:46  Widow Mine  
  51  7:47  Bunker  
  51  7:49  SCV  
  54  7:52  SCV, Siege Tank  
  58  8:01  SCV  
  58  8:04  SCV  
  60  8:13  SCV  
  60  8:16  SCV  
  62  8:25  SCV  
  63  8:28  SCV  
  64  8:37  SCV  
  64  8:40  SCV  
  66  8:50  SCV  
  66  8:52  SCV  
  68  9:02  SCV  
  69  9:04  SCV  
  69  9:08  Supply Depot  
  70  9:16  Medivac, Combat Shield, Reaper  
  79  9:17  Starport, Stimpack, Terran Infantry Weapons Level 1  
  73  9:19  Ghost Academy  
  73  9:20  Fusion Core  
  73  9:21  Marine  
  73  9:24  Engineering Bay  
  73  9:26  Marine  
  73  9:29  Armory  
  73  9:30  Supply Depot  
  74  9:31  Marine  
  75  9:39  Marine  
  75  9:44  Reaper  
  77  9:46  Medivac  
  77  9:49  Marauder  
  77  9:50  Terran Infantry Armor Level 1  
  81  9:53  Starport Reactor  
  81  9:56  Ghost  
  83  10:00  Supply Depot  
  83  10:13  Marine  
  77  10:16  Raven  
  77  10:18  Marine  
  64  10:23  Marine  
  65  10:28  Marine  
  65  10:33  Marine  
  67  10:35  Concussive Shells  
  67  10:38  Marine  
  68  10:47  Marauder  
  70  10:52  Marauder  
  71  10:59  Viking, Raven  
  71  11:03  Marine  
  60  11:04  Medivac  
  60  11:07  SCV  
  60  11:08  Marine  
  42  11:12  Sensor Tower  
  42  11:14  Marine  
  33  11:19  SCV, Marine  
  33  11:24  Marine  
  33  11:29  Marine  
  33  11:31  SCV  
  28  11:34  Reaper  
  28  11:39  Marine  
  25  11:43  SCV  
  21  11:49  Marine  
  12  11:55  SCV  
  9  12:07  SCV  
  8  12:13  Hellion  
  8  12:15  Command Center  
  6  12:19  SCV  
Tags
 
Add a new tag
Caveats
  • Supply blocks, unpowered buildings, or Contaminate may cause inaccurate times.
  • Supply counts are checked every 10 seconds.